Map: Dash and Terminal LE (Void)

Players

SacRiFiCeR

  • Race: Zerg Zerg
  • League: Platinum

Lolidebambo

  • Race: Zerg Zerg
  • League: Grandmaster

MoonLjth - Winner!

  • Race: Protoss Protoss
  • League: Platinum

iQuitBYE - Winner!

  • Race: Protoss Protoss
  • League: Grandmaster

VOD

Have the link to the VOD?

Description

Time

  • Played on: Oct. 2, 2015, 12:09 p.m.
  • Length: 9:49
Show
View Real Time Build Order
Export as new Build Order

SacRiFiCeR Zerg 

Build Orders: Pool First 

Get SALT Encoding   

  12  0:01  Drone  
  13  0:08  Drone  
  14  0:18  Overlord  
  14  0:37  Drone  
  14  0:38  Drone x2  
  17  0:48  Drone  
  18  1:14  Drone x2  
  18  1:15  Spawning Pool  
  19  1:46  Hatchery  
  18  1:47  Overlord  
  18  1:48  Extractor  
  18  1:49  Drone x2  
  19  2:02  Queen  
  19  2:03  Zergling x2  
  22  2:16  Zergling x2  
  23  2:25  Drone  
  24  2:33  Drone  
  25  2:42  Zergling x2  
  26  2:48  Hatchery  
  25  2:52  Metabolic Boost  
  25  3:00  Zergling x4, Queen  
  28  3:06  Drone  
  28  3:09  Drone  
  30  3:17  Drone x3  
  30  3:18  Drone  
  34  3:21  Drone  
  34  3:23  Drone  
  35  3:34  Zergling x2  
  35  3:41  Drone  
  35  3:43  Overlord x2  
  35  3:50  Lair  
  35  3:53  Extractor  
  34  4:03  Hatchery  
  34  4:09  Zergling x8  
  37  4:20  Drone  
  37  4:21  Drone x3  
  37  4:22  Drone  
  42  4:29  Queen  
  44  4:32  Drone  
  44  4:36  Extractor  
  44  4:41  Drone x3  
  44  4:44  Drone  
  48  4:48  Drone x2  
  48  4:51  Extractor  
  49  5:00  Drone, Spire  
  49  5:03  Drone  
  49  5:06  Drone  
  50  5:16  Evolution Chamber  
  47  5:21  Zergling x2  
  47  5:22  Zergling x10  
  48  5:29  Drone  
  48  5:30  Drone x2  
  48  5:35  Zergling x2  
  49  5:36  Zergling x2  
  49  5:37  Zergling x2  
  45  5:59  Drone x5  
  45  6:00  Drone x4  
  45  6:01  Drone x2  
  45  6:03  Drone  
  56  6:07  Drone  
  56  6:09  Drone  
  57  6:15  Drone x2  
  59  6:19  Drone x2  
  59  6:21  Drone  
  62  6:26  Drone  
  62  6:30  Extractor  
  62  6:32  Overlord  
  62  6:37  Zerg Ground Armor Level 1  
  62  6:40  Extractor, Queen  
  62  6:43  Overlord  
  63  6:51  Drone x2  
  63  6:53  Mutalisk x3  
  67  7:03  Drone x2  
  67  7:05  Zergling x16  
  76  7:14  Drone x4  
  80  7:20  Drone x2  
  79  7:23  Drone  
  79  7:26  Drone x5  
  79  7:30  Drone  
  79  7:31  Drone  
  79  7:33  Drone  
  79  7:36  Drone  
  80  7:43  Overlord x2  
  74  7:55  Hydralisk Den  
  72  8:02  Drone  
  72  8:05  Drone x4  
  77  8:07  Spore Crawler, Drone  
  77  8:08  Drone x6  
  77  8:09  Spore Crawler x2  
  77  8:11  Drone x2  
  83  8:17  Drone x4  
  85  8:22  Spore Crawler x2  
  85  8:24  Hydralisk  
  74  8:39  Overlord x2  
  71  8:57  Queen x2  
  71  8:59  Hydralisk x2  
  78  9:03  Overlord x3  
  78  9:05  Spore Crawler  
  73  9:12  Overlord x2  
  73  9:13  Hydralisk  
  73  9:14  Hydralisk x3  
  79  9:17  Overlord x2  
  79  9:18  Overlord  
  79  9:20  Drone  
  79  9:21  Drone  
  79  9:23  Drone x4  
  83  9:24  Drone  
  83  9:27  Drone x2  
  83  9:28  Drone  
Show
View Real Time Build Order
Export as new Build Order

Lolidebambo Zerg 

Build Orders:  

Get SALT Encoding   

  12  0:00  Probe (Chrono Boost)  
  13  0:14  Pylon  
  13  0:18  Probe (Chrono Boost)  
  14  0:28  Probe (Chrono Boost)  
  15  0:36  Gateway  
  15  0:39  Probe (Chrono Boost)  
  16  0:47  Assimilator  
  16  0:49  Probe (Chrono Boost)  
  17  0:59  Probe (Chrono Boost)  
  17  1:02  Pylon  
  18  1:09  Probe (Chrono Boost)  
  19  1:17  Pylon  
  19  1:19  Probe (Chrono Boost)  
  20  1:27  Cybernetics Core  
  20  1:29  Probe (Chrono Boost)  
  21  1:33  Assimilator  
  21  1:39  Probe (Chrono Boost)  
  22  1:49  Probe (Chrono Boost)  
  23  2:07  Nexus  
  23  2:09  Adept  
  25  2:17  Warp Gate  
  25  2:22  Probe (Chrono Boost)  
  26  2:37  Mothership Core (Chrono Boost)  
  26  2:41  Pylon  
  28  2:53  Pylon  
  28  2:59  Probe (Chrono Boost)  
  28  3:05  Robotics Facility  
  29  3:08  Probe (Chrono Boost)  
  30  3:18  Probe (Chrono Boost)  
  31  3:24  Probe (Chrono Boost)  
  32  3:27  Gateway  
  32  3:28  Probe (Chrono Boost)  
  33  3:34  Probe (Chrono Boost)  
  33  3:38  Probe (Chrono Boost)  
  33  3:44  Probe (Chrono Boost), Gateway  
  33  3:47  Sentry  
  36  3:48  Probe (Chrono Boost)  
  36  3:53  Warp Prism  
  39  4:04  Probe (Chrono Boost)  
  39  4:06  Probe (Chrono Boost)  
  41  4:14  Probe (Chrono Boost)  
  41  4:15  Probe (Chrono Boost)  
  43  4:21  Assimilator  
  43  4:23  Adept x2  
  47  4:26  Probe x2 (Chrono Boost)  
  49  4:32  Observer  
  49  4:38  Probe x2 (Chrono Boost)  
  52  4:48  Twilight Council  
  52  4:50  Probe x2 (Chrono Boost)  
  52  4:51  Pylon  
  54  4:59  Pylon  
  54  5:01  Pylon  
  54  5:02  Immortal  
  54  5:07  Assimilator  
  54  5:10  Probe x2 (Chrono Boost)  
  60  5:14  Adept  
  60  5:18  Adept x2  
  67  5:23  Probe (Chrono Boost)  
  68  5:29  Stargate  
  68  5:30  Probe (Chrono Boost), Stargate  
  68  5:35  Probe (Chrono Boost)  
  67  5:42  Adept x3  
  71  5:46  Probe (Chrono Boost)  
  71  5:48  Probe (Chrono Boost)  
  69  5:54  Gateway  
  68  5:58  Probe (Chrono Boost)  
  68  5:59  Adept, Blink  
  64  6:06  Probe (Chrono Boost)  
  64  6:07  Adept  
  64  6:09  Adept  
  69  6:16  Phoenix x2  
  73  6:28  Pylon  
  73  6:33  Forge  
  73  6:36  Phoenix  
  73  6:41  Adept  
  76  6:52  Adept x2  
  80  6:55  Phoenix  
  80  6:57  Phoenix  
  81  7:03  Adept  
  81  7:08  Probe (Chrono Boost)  
  86  7:24  Phoenix  
  86  7:26  Nexus  
  86  7:27  Phoenix  
  86  7:30  Pylon  
  86  7:31  Pylon  
  86  7:33  Templar Archives  
  86  7:34  Probe x2 (Chrono Boost)  
  86  7:36  Photon Cannon  
  80  7:45  Phoenix, Warp Prism  
  84  7:56  Stalker  
  84  7:57  Stalker  
  84  7:58  Stalker x2  
  90  8:01  Probe (Chrono Boost)  
  92  8:10  Pylon  
  93  8:14  Probe (Chrono Boost)  
  93  8:18  Photon Cannon  
  93  8:23  Phoenix x2  
  91  8:29  Photon Cannon  
  91  8:31  Adept  
  91  8:34  Adept  
  99  8:42  Adept x2  
  99  8:47  Shield Upgrade  
  103  8:56  Pylon, High Templar  
  103  8:57  High Templar  
  103  9:00  Archon  
  107  9:05  Adept  
  107  9:06  Adept  
  110  9:21  Gateway  
  110  9:23  Gateway  
  110  9:25  Gateway  
  110  9:29  Gateway  
  110  9:30  Stalker x2  
  112  9:36  Stalker  
  114  9:44  Stalker  
Show
View Real Time Build Order
Export as new Build Order

MoonLjth Protoss - Winner!

Build Orders:  

Get SALT Encoding   

Show
View Real Time Build Order
Export as new Build Order

iQuitBYE Protoss - Winner!

Build Orders:  

Get SALT Encoding   

Tags
 
Add a new tag
Caveats
  • Supply blocks, unpowered buildings, or Contaminate may cause inaccurate times.
  • Supply counts are checked every 10 seconds.